 Dungeon Crawl Stone Soup version 0.25.0-3-gd7cc5688da (console) character file.

Game seed: 8804498560512840739

131 Garrluk the Ogre Mage (level 5, 0/45 HPs)
             Began as an Ogre Wizard on June 15, 2020.
             Was an Initiate of Cheibriados.
             Slain by an orc
             ... wielding a cursed +0 flail
              (5 damage)
             ... on level 3 of the Dungeon.
             The game lasted 00:07:59 (2541 turns).

Garrluk the Ogre Mage (Ogre Wizard)                 Turns: 2541, Time: 00:08:00

Health: 0/45       AC:  3    Str: 12    XL:     5   Next: 14%
Magic:  8/12       EV: 10    Int: 21    God:    Cheibriados [......]
Gold:   166        SH:  0    Dex:  8    Spells: 5/13 levels left

rFire    . . .     SeeInvis .   w - +1 great mace (holy)
rCold    . . .     Gourm    .   (shield currently unavailable)
rNeg     . . .     Faith    .   a - +0 robe
rPois    .         Spirit   .   b - +0 hat
rElec    .         Reflect  .   (no cloak)
rCorr    .         Harm     .   (gloves unavailable)
MR       .....                  (boots unavailable)
Stlth    +.........             (no amulet)
HPRegen  0.15/turn              (no ring)
MPRegen  0.13/turn              (no ring)

@: very slow
A: large, unfitting armour, tough skin 1
a: Bend Time, Renounce Religion


You were on level 3 of the Dungeon.
You worshipped Cheibriados.
Cheibriados was noncommittal.
You were not hungry.

You visited 1 branch of the dungeon, and saw 3 of its levels.

You collected 166 gold pieces.

Inventory:

Hand Weapons
 w - a +1 great mace of holy wrath (weapon)
Armour
 a - a +0 robe (worn)
 b - a +0 hat (worn)
 i - a +1 pair of boots
Jewellery
 e - an uncursed ring of fire
Wands
 v - a wand of polymorph (8)
Scrolls
 m - a scroll of remove curse
 n - 2 scrolls of fog
 s - a scroll of enchant weapon
 u - a scroll of blinking
Potions
 f - a potion of magic {unknown}
 g - a potion of flight {unknown}
 h - a potion of brilliance {unknown}
 j - 2 potions of degeneration {unknown}
 k - a potion of mutation {unknown}
 l - a potion of might {unknown}
 o - a potion of curing {unknown}
 q - a potion of resistance {unknown}
 r - a potion of ambrosia {unknown}
 t - a potion of stabbing {unknown}
Comestibles
 d - 5 rations


   Skills:
 - Level 1.7 Dodging
 - Level 1.4 Stealth
 + Level 4.7 Spellcasting
 * Level 3.5 Conjurations
 - Level 0.8 Summonings
 - Level 0.8 Translocations
 + Level 0.3 Invocations


You had 5 spell levels left.
You knew the following spells:

 Your Spells              Type           Power        Failure   Level  Hunger
a - Magic Dart            Conj           ###.         2%          1    None
b - Blink                 Tloc           N/A          12%         2    #......
c - Call Imp              Summ           #.......     12%         2    #......
d - Mephitic Cloud        Conj/Pois/Air  #.......     21%         3    ##.....

Your spell library contained the following spells:

 Spells                   Type           Power        Failure   Level  Hunger
 Conjure Flame            Conj/Fire      ##......     16%         3    ##.....
 Slow                     Hex            #.......     17%         2    #......


Dungeon Overview and Level Annotations

Branches:
Dungeon (3/15)

Altars:
Cheibriados


Innate Abilities, Weirdness & Mutations

You are too large for most types of armour.
You have tough skin. (AC +1)


Message History

The orc hits you with a cursed +0 flail.
You see here a +1 short sword.
The orc misses you. The orc closely misses you.
You see here a kobold corpse.
The orc closely misses you.
You hear the rusting of a very distant drain.
The orc hits you with a cursed +0 flail!
* * * LOW HITPOINT WARNING * * *
You see here a chain mail.
The orc barely misses you. The orc closely misses you.
All of the chunks of flesh in your inventory have rotted away.
The orc barely misses you.
The orc hits you with a cursed +0 flail!
* * * LOW HITPOINT WARNING * * *
The orc barely misses you. The orc closely misses you.
The orc hits you with a cursed +0 flail.
You die...

#. .. ###. #.#
....##.# #...#.# #
.....#g# ###...#.#
#...[...#
###.##..#########
..†.....>)..g....#
.....###########.#
.... #.@.#<....#.#
... #o#.#####.#.#
.. #.#...###.#†# #
#g#....(..#.#
#o#.#.#####.#
#.#[#.# #.#
#.#...# #.#
#.####### #.#
#....o..# #.#
#######.# #.# #.#
#[#


You could see 2 orcs and a hobgoblin.

Vanquished Creatures
  5 adders (D:2)
  An ooze (D:2)
  4 worms (D:2)
  A dart slug (D:1)
  3 leopard geckos
  2 orcs (D:3)
  5 giant cockroaches
  4 goblins
  9 hobgoblins
  10 kobolds
  A quokka (D:2)
  2 ball pythons
  11 bats
  2 frilled lizards
  6 rats
66 creatures vanquished.

Vanquished Creatures (collateral kills)
  A frilled lizard (D:3)
1 creature vanquished.

Grand Total: 67 creatures vanquished

Notes
Turn   | Place    | Note
-------+----------+-------------------------------------------
     0 | D:1      | Garrluk the Ogre Wizard began the quest for the Orb.
     0 | D:1      | Reached XP level 1. HP: 16/16 MP: 5/5
    29 | D:1      | Reached skill level 1 in Conjurations
   200 | D:1      | Reached XP level 2. HP: 24/24 MP: 1/6
   639 | D:1      | Learned a level 2 spell: Blink
   642 | D:1      | Learned a level 2 spell: Call Imp
   771 | D:1      | Reached skill level 4 in Spellcasting
   849 | D:1      | Reached XP level 3. HP: 31/31 MP: 5/8
  1142 | D:2      | Reached XP level 4. HP: 39/39 MP: 5/10
  1398 | D:2      | Learned a level 3 spell: Mephitic Cloud
  2046 | D:2      | Found a snail-covered altar of Cheibriados.
  2060 | D:2      | Reached XP level 5. HP: 45/45 MP: 6/11
  2120 | D:2      | Became a worshipper of Cheibriados the Contemplative
  2541 | D:3      | Slain by an orc

Illustrated notes

Levels and vault maps discovered:
D:1:      wander_arrival_peaceful_grave, layout_basic, minmay_unequal
D:2:      layout_loops_ring, nicolae_overflow_crystal_walls, first_ration
D:3:      layout_basic, demons_altar, gup_sewer_entry_pipe

Skill      XL: |  1  2  3  4 |
---------------+-------------+-----
Conjurations   | 1 2 3 |  3.5
Spellcasting   | 4 |  4.7
Dodging        | |  1.7
Stealth        | |  1.4
Summonings     | |  0.8
Translocations | |  0.8
Invocations    | |  0.3

Action                   |  1- 3 |  4- 6 || total
-------------------------+-------+-------++-------
Melee: Short sword       |    27 |    13 ||    40
       Great mace        |       |     5 ||     5
 Cast: Magic Dart        |    55 |    92 ||   147
       Mephitic Cloud    |       |     1 ||     1
       Call Imp          |       |     1 ||     1
  Use: Scroll            |     4 |     2 ||     6
  Eat: Chunk             |     1 |     4 ||     5
Armor: Robe              |    23 |    12 ||    35
Dodge: Dodged            |    22 |    25 ||    47
